 Dungeon Crawl Stone Soup version 0.30.1-3-gfc49f6343a (webtiles) character file.

Game seed: 1713264133154144273

38 cdecastro the Caller (level 3, 0/36 HPs)
             Began as a Merfolk Summoner on Aug 1, 2023.
             Slain by an adder (1 damage)
             ... on level 2 of the Dungeon.
             The game lasted 00:02:34 (1192 turns).

cdecastro the Caller (Merfolk Summoner)             Turns: 1192, Time: 00:02:35

Health: 0/36       AC:  2    Str:  8    XL:     3   Next: 43%
Magic:  3/6        EV: 12    Int: 16    God:
Gold:   96         SH:  0    Dex: 14    Spells: 5/6 levels left

rFire   . . .        h - +2 whip (elec)
rCold   . . .        (no shield)
rNeg    + . .        a - +0 robe
rPois   .            (no helmet)
rElec   .            (no cloak)
rCorr   .            (no gloves)
SInv    .            (no boots)
Will    .....        (no amulet) Stlth
                     k - ring of positive energy
HPRegen 0.26/turn    (no ring)
MPRegen 0.10/turn

%: no passive effects
@: berserking, lethally poisoned (0 -> -1), very quick
A: (nimble swimmer 2), mertail
a: no special abilities


You were on level 2 of the Dungeon.
You visited 1 branch of the dungeon, and saw 2 of its levels.

You collected 96 gold pieces.

Inventory:

Hand Weapons
 d - a +0 short sword
 h - a +2 whip of electrocution (weapon)
Missiles
 c - 5 curare-tipped darts
Armour
 a - a +0 robe (worn)
Jewellery
 k - a ring of positive energy (left hand)
Scrolls
 e - 2 scrolls of teleportation {unknown}
 g - a scroll of identify {unknown}
 i - a scroll of enchant weapon {unknown}
 j - a scroll of fog {unknown}
Potions
 b - 2 potions of magic


   Skills:
 - Level 2.6 Dodging
 - Level 2.1 Stealth
 - Level 2.0 Spellcasting
 + Level 5.1 Summonings


You had 5 spell levels left.
You knew the following spells:

 Your Spells              Type           Power      Damage    Failure   Level
a - Summon Small Mammal   Summ           72%        N/A       2%          1

Your spell library contained the following spells:

 Spells                   Type           Power      Damage    Failure   Level
 Call Imp                 Summ           36%        N/A       3%          2
 Call Canine Familiar     Summ           18%        N/A       8%          3
 Summon Guardian Golem    Hex/Summ       9%         N/A       22%         3
 Summon Lightning Spire   Summ/Air       9%         N/A       56%         4


Dungeon Overview and Level Annotations

Branches:
Dungeon (2/15)

Altars:


Innate Abilities, Weirdness & Mutations

((You are very nimble when in or above water. (Stealth+, EV+, Speed+++)))
Your lower body shifts to a powerful aquatic tail in water.


Message History

You feel sick.
Your bat hits the adder but does no damage.
The adder closely misses you.
Your bat misses the adder. The adder closely misses you.
The adder barely misses you.
Your quokka bites the adder.
The adder dies!
Your bat closely misses the adder.
The adder closely misses you.
You miss the adder.
You feel sick.
Your bat hits the adder but does no damage.
The adder bites you.
* * * LOW HITPOINT WARNING * * *
Unknown command.
You hit the adder.
The adder is moderately wounded.
You feel sick.
You are no longer poisoned.
The adder bites you.
* * * LOW HITPOINT WARNING * * *
You are lethally poisoned!
The adder poisons you!
Your quokka closely misses the adder.
Your bat closely misses the adder.
The adder closely misses you.
It was a potion of berserk rage.
A red film seems to cover your vision as you go berserk!
You feel yourself moving faster!
You feel mighty!
* * * LOW HITPOINT WARNING * * *
You feel sick.
Your bat closely misses the adder.
Your quokka closely misses the adder.
The adder bites you.
* * * LOW HITPOINT WARNING * * *
Your quokka barely misses the adder.
You hit the adder.
The adder is almost dead.
* * * LOW HITPOINT WARNING * * *
You feel sick. The adder closely misses you.
Your bat closely misses the adder.
Unknown command.
You closely miss the adder.
The adder is almost dead.
* * * LOW HITPOINT WARNING * * *
You feel sick.
Your bat barely misses the adder.
Your quokka barely misses the adder.
The adder bites you.
You die...

.$.. .## !... ..##.#
...>. ##...#.## .....
##.......#
......#........#
......#.........
......rb......#..
......S@.........
......##.............#.#
..... #.......###......
.... #.......###.....##
... #.................
.. ##................
.....####...............
.......................
#....####.......†......


You could see an adder (ally target), a friendly quokka (summoned) and a
friendly bat (summoned).

Vanquished Creatures
  2 dart slugs
  A bat (D:2)
  2 endoplasms
  2 kobolds (D:1)
  A quokka (D:1)
  A rat (D:1)
9 creatures vanquished.

Vanquished Creatures (collateral kills)
  An adder (D:2)
  A ball python (D:1)
  2 endoplasms
  A goblin (D:1)
  A hobgoblin (D:1)
  2 kobolds (D:1)
  2 quokkas (D:1)
  A bat (D:1)
  2 frilled lizards (D:1)
  A rat (D:1)
14 creatures vanquished.

Grand Total: 23 creatures vanquished

Notes
Turn   | Place    | Note
-------+----------+-------------------------------------------
     0 | D:1      | cdecastro the Merfolk Summoner began the quest for the Orb.
     0 | D:1      | Reached XP level 1. HP: 13/13 MP: 3/3
   227 | D:1      | Reached XP level 2. HP: 18/19 MP: 1/5
  1103 | D:2      | Reached XP level 3. HP: 24/24 MP: 3/6
  1151 | D:2      | Reached skill level 5 in Summonings
  1192 | D:2      | HP: 1/36 [poisoned by an adder]
  1192 | D:2      | Slain by an adder

Illustrated notes

Levels and vault maps discovered:
D:1:      dpeg_arrival_round_a, layout_rooms, hangedman_decor_clover_reticule
D:2:      layout_rooms

Skill      XL: |  1  2  3 |
---------------+----------+-----
Summonings     | 5 |  5.1
Dodging        | |  2.6
Stealth        | |  2.1
Spellcasting   | |  2.0

Action                     || total
---------------------------++-------
  Melee: Unarmed           ||    19
         Punch             ||     2
         Short sword       ||    21
         Whip              ||    13
   Cast: Summon Small Mamm ||    31
    Use: Potion            ||     1
   Stab: Sleeping          ||     4
         Distracted        ||     1
 Armour: Robe              ||    11
  Dodge: Dodged            ||    60
